AoeStats
← Chaos

Arena

508061104Analyzed
3v3 RM · 13d ago on Sep 20, 2026· 80m 50s· 6 players
Game mode
Random Map
Map size
Normal (6 player)
Population
200
Speed
Normal
Resources
Standard
Victory
Conquest
Starting age
Dark Age
Ending age
Imperial Age
RankedLock teamsTeams togetherTeam positionsShared explorationLock speedFull tech treeHidden civsTurbo modeCheats
Victory
Defeat
🇺🇸 Vietnamese · United States
1003
+16
🇺🇸 Turks · United States
999
+16
🇺🇸 Khmer · United States
907
+19
🇹🇷 Spanish · Türkiye
1033
-19
🇹🇷 Khmer · Türkiye
1002
-17
🇹🇷 Teutons · Türkiye
947
-15
Mistadobalina
11:01 Feudal Age
12:22 Loom
15:20 Castle Age
13:54 Double-Bit Axe
16:54 Wheelbarrow
16:04 Horse Collar
16:38 Bow Saw
16:31 Loom
17:31 Elite Skirmisher
18:42 Fletching
20:03 Padded Archer Armor
23:02 Gold Mining
24:05 Heavy Plow
25:44 Leather Archer Armor
26:22 Ballistics
27:38 Hand Cart
29:55 Thumb Ring
30:50 Pikeman
31:31 Squires
31:27 Treadmill Crane
36:19 Imperial Age
34:37 Bodkin Arrow
36:24 Capped Ram
37:32 Bracer
38:02 Ring Archer Armor
37:54 Fortified Wall
37:48 Town Watch
39:44 Crop Rotation
40:18 Two-Man Saw
40:01 Forging
40:25 Town Patrol
41:28 Halberdier
42:33 Scale Mail Armor
43:00 Murder Holes
43:53 Crossbowman
43:55 Imperial Skirmisher
45:25 Hoardings
45:13 Arson
48:04 Iron Casting
47:44 Chain Mail Armor
48:34 Chemistry
47:40 Siege Engineers
47:40 Elite Rattan Archer
49:23 Paper Money
50:56 Treadmill Crane
51:52 Plate Mail Armor
56:22 Caravan
59:00 Stone Mining
60:21 Guilds
76:43 Husbandry
76:53 Bloodlines
76:09 Elite Battle Elephant
No Soup Fer You
12:53 Feudal Age
14:16 Double-Bit Axe
17:04 Castle Age
15:33 Scale Mail Armor
15:45 Forging
17:16 Gold Mining
17:09 Horse Collar
18:30 Bow Saw
21:59 Imperial Age
24:58 Fletching
25:04 Loom
27:27 Ballistics
36:50 Fortified Wall
38:24 Wheelbarrow
40:40 Artillery
42:09 Hand Cart
42:58 Heavy Plow
43:12 Masonry
43:44 Conscription
44:32 Padded Archer Armor
46:50 Elite Janissary
50:35 Leather Archer Armor
50:38 Scale Barding Armor
51:08 Iron Casting
51:37 Bloodlines
51:28 Husbandry
57:05 Chain Barding Armor
62:19 Architecture
61:45 Murder Holes
62:12 Bombard Tower
64:34 Two-Man Saw
66:42 Town Watch
66:55 Bodkin Arrow
69:20 Ring Archer Armor
70:18 Hoardings
76:18 Town Patrol
BootDaddy
11:26 Feudal Age
12:08 Horse Collar
12:15 Double-Bit Axe
17:04 Castle Age
16:56 Stone Mining
20:12 Heavy Plow
21:36 Gold Mining
33:08 Gold Shaft Mining
35:00 Ballistics
34:41 Murder Holes
34:57 Masonry
38:28 Imperial Age
37:54 Wheelbarrow
38:35 Heavy Scorpion
39:27 Double Crossbow
40:04 Crop Rotation
39:48 Bow Saw
39:51 Husbandry
41:53 Siege Engineers
42:02 Elite Ballista Elephant
43:37 Stone Shaft Mining
44:22 Conscription
47:51 Chemistry
51:53 Hoardings
51:51 Architecture
51:37 Fortified Wall
52:56 Bloodlines
55:51 Scale Barding Armor
55:57 Forging
57:37 Light Cavalry
58:12 Hussar
78:26 Hand Cart
78:42 Chain Barding Armor
78:57 Iron Casting
Chaos
11:58 Feudal Age
13:18 Horse Collar
13:24 Double-Bit Axe
17:39 Castle Age
19:46 Heavy Plow
19:59 Bow Saw
19:41 Gold Mining
21:38 Wheelbarrow
21:19 Loom
26:54 Elite Skirmisher
31:00 Ballistics
32:33 Scale Mail Armor
36:57 Forging
37:03 Chain Mail Armor
37:14 Fletching
37:30 Scale Barding Armor
41:46 Imperial Age
42:32 Cavalier
46:08 Chemistry
45:51 Iron Casting
45:47 Plate Mail Armor
45:37 Chain Barding Armor
45:18 Padded Archer Armor
46:19 Elite Teutonic Knight
49:19 Crenellations
51:48 Bodkin Arrow
58:57 Pikeman
59:37 Squires
60:01 Man-at-Arms
Sürpriz yaparım
4:46 Loom
10:17 Feudal Age
8:58 Loom
14:19 Castle Age
23:43 Double-Bit Axe
32:50 Bow Saw
33:47 Gold Mining
41:36 Wheelbarrow
42:22 Husbandry
42:32 Bloodlines
51:27 Bloodlines
63:09 Elite Skirmisher
64:47 Thumb Ring
65:42 Hand Cart
Erkal
3:09 Loom
11:08 Feudal Age
11:48 Horse Collar
17:04 Castle Age
15:16 Stone Mining
16:06 Double-Bit Axe
19:25 Wheelbarrow
19:10 Heavy Plow
23:52 Bloodlines
25:59 Hand Cart
27:40 Husbandry
29:39 Scale Barding Armor
32:10 Forging
35:49 Iron Casting
37:59 Imperial Age
35:09 Light Cavalry
37:31 Chain Barding Armor
37:02 Fletching
37:13 Padded Archer Armor
38:11 Bow Saw
39:01 Conscription
39:23 Hussar
40:45 Crop Rotation
41:14 Onager
42:40 Gold Mining
42:59 Double Crossbow
44:40 Gold Shaft Mining
45:20 Chemistry
44:32 Fortified Wall
44:43 Ballistics
47:08 Blast Furnace
46:44 Plate Barding Armor
48:39 Siege Engineers
48:45 Masonry
49:36 Town Watch
50:25 Pikeman
51:14 Scale Mail Armor
55:04 Elite Ballista Elephant
57:59 Halberdier
59:51 Chain Mail Armor
64:50 Hoardings
67:04 Architecture
79:10 Murder Holes
Connection lost

Rejoining the realm…

Still unreachable

The connection could not be restored.

Session expired

The server has moved on; the page needs a fresh start.